 Dungeon Crawl Stone Soup version 0.28-a0-1130-gc51a68064b (webtiles) character file.

Game seed: 5791803259862300867

487 SensoryNuts the Slasher (level 6, 0/79 HPs)
             Began as a Draconian Fighter on Dec 12, 2021.
             Slain by an orc wizard (1 damage)
             ... on level 4 of the Dungeon.
             The game lasted 00:06:14 (3412 turns).

SensoryNuts the Slasher (Draconian Fighter)         Turns: 3412, Time: 00:06:14

Health: 0/79       AC: 23    Str: 27    XL:     6   Next: 89%
Magic:  0/6        EV:  2    Int:  8    God:
Gold:   126        SH:  4    Dex: 10    Spells: 5/5 levels left

rFire   . . .      SeeInvis .   a - +0 long sword
rCold   . . .      Faith    .   b - +0 buckler
rNeg    . . .      Spirit   +   (armour unavailable)
rPois   +          Reflect  .   (helmet currently unavailable)
rElec   .          Harm     .   (cloak currently unavailable)
rCorr   .          Rampage  .   (gloves currently unavailable)
Will    .....      NoTele   +   (boots currently unavailable)
Stlth   ++........              h - amulet of guardian spirit
HPRegen 0.23/turn               d - +6 ring of strength
MPRegen 0.10/turn               (no ring)

@: tree-form (expiring)
A: stationary, stasis, torment immunity, boosted hp, AC +6, unfitting armour,
(cold-blooded)
a: no special abilities


You were on level 4 of the Dungeon.
You were a tree.
You visited 1 branch of the dungeon, and saw 4 of its levels.

You collected 126 gold pieces.

Inventory:

Hand Weapons
 a - a +0 long sword (weapon)
Armour
 b - a +0 buckler (worn)
Jewellery
 d - a +6 ring of strength (left branch)
 e - an amulet of the acrobat
 h - an amulet of guardian spirit (around neck)
Scrolls
 g - 5 scrolls of teleportation
 i - 2 scrolls of identify
Potions
 c - a potion of ambrosia


   Skills:
 + Level 4.7 Fighting
 + Level 5.3 Long Blades
 + Level 3.8 Dodging
 + Level 1.5 Stealth
 + Level 3.7 Shields


You had 5 spell levels left.
You didn't know any spells.
Your spell library contained the following spells:

 Spells                   Type           Power      Damage    Failure   Level
 Passwall                 Tmut/Erth      0%         N/A       56%         2
 Ozocubu's Armour         Ice            0%         N/A       80%         3
 Swiftness                Air            0%         N/A       80%         3
 Ozocubu's Refrigeration  Ice            0%         4d5       100%        7


Dungeon Overview and Level Annotations

Branches:
Dungeon (4/15)
 Temple: D:4-7

Altars:


Innate Abilities, Weirdness & Mutations

You are a tree.
Your roots penetrate the ground, keeping you stationary.
You cannot be teleported.
You are immune to unholy pain and torment.
Your maximum health is greatly increased.
Your equipment is partially melded.
((Your plain brown scales are hard. (AC +6)))
You cannot fit into any form of body armour.
((You are cold-blooded and may be slowed by cold attacks.))


Message History

The orc wizard hits you but does no damage.
The orc priest hits you but does no damage.
Something hits you but does no damage. The orc hits you but does no damage.
The orc wizard hits you but does no damage.
The orc priest hits you but does no damage.
Something hits you but does no damage. The orc hits you with a +0 short sword.
The orc wizard hits you but does no damage.
The orc priest hits you with a +0 short sword.
* * * LOW HITPOINT WARNING * * *
Something hits you but does no damage. The orc hits you but does no damage.
The orc wizard hits you but does no damage.
The orc priest hits you with a +0 short sword.
* * * LOW HITPOINT WARNING * * *
Your transformation is almost over.
Something hits you but does no damage. The orc hits you but does no damage.
The orc wizard hits you with a +0 dagger.
* * * LOW HITPOINT WARNING * * *
The orc priest barely misses you.
You feel less confused. Something hits you but does no damage.
The orc completely misses you.
The orc wizard hits you but does no damage.
The orc priest mumbles some strange prayers to Beogh against you.
Beogh smites you!
* * * LOW HITPOINT WARNING * * *
You hear some strange, mumbled words.
A puff of flame appears from out of thin air!
The puff of flame hits you!
* * * LOW HITPOINT WARNING * * *
The orc hits you but does no damage.
The orc wizard hits you but does no damage.
The orc priest hits you but does no damage.
An orc wizard appears from thin air!
Reactivating autopickup.
The orc wizard hits you with a +0 dagger.
* * * LOW HITPOINT WARNING * * *
You block the orc's attack.
The orc wizard hits you but does no damage.
The orc priest hits you but does no damage.
The orc wizard hits you with a +0 dagger.
You die...

#.##..#.#..#.#######
#.##..#.#...........
#####.##..#....#.#######
....).##.........#######
......##...............#
.................###....
.....###..##.....# #..
.....##........oo###.#..
#######).###...o♣.......
......÷..........o####..
##.####..###.#....# #.#
#..# #.#....# #.# #..# #
#....# ... .... #....#
... ...## #..>.#
.#.####.## ...... .#.#
#.# ......#


You could see an orc priest, 2 orc wizards and an orc.

Vanquished Creatures
  Grinder (D:3)
  An ogre (D:4)
  A howler monkey (D:4)
  An iguana (D:4)
  A howler monkey skeleton (D:4)
  4 gnolls (D:4)
  A worm (D:2)
  3 dart slugs
  4 orcs
  9 ball pythons
  6 bats
  7 endoplasms
  2 giant cockroaches
  8 hobgoblins
  3 jackals (D:2)
  2 quokkas
  7 goblins
  A jackal skeleton (D:4)
  9 kobolds
  5 rats
76 creatures vanquished.

Vanquished Creatures (others)
  6 fungi (D:2)
  5 plants (D:2)
11 creatures vanquished.

Grand Total: 87 creatures vanquished

Notes
Turn   | Place    | Note
-------+----------+-------------------------------------------
     0 | D:1      | SensoryNuts the Draconian Fighter began the quest for the
                  | Orb.
     0 | D:1      | Reached XP level 1. HP: 19/19 MP: 1/1
   338 | D:1      | Reached XP level 2. HP: 26/26 MP: 2/2
   733 | D:1      | Reached XP level 3. HP: 22/33 MP: 3/3
  1463 | D:2      | Found a faded altar of an unknown god.
  1888 | D:3      | Noticed Grinder
  2145 | D:3      | Reached skill level 3 in Long Blades
  2169 | D:3      | Reached XP level 4. HP: 40/40 MP: 4/4
  2222 | D:3      | Paralysed by Grinder for 5 turns
  2239 | D:3      | Killed Grinder
  2240 | D:3      | Reached skill level 4 in Long Blades
  2240 | D:3      | Reached skill level 1 in Stealth
  2240 | D:3      | Reached XP level 5. HP: 20/46 MP: 5/5
  2240 | D:3      | Reached XP level 6. HP: 23/52 MP: 6/6
  2993 | D:4      | Reached skill level 5 in Long Blades
  3410 | D:4      | HP: 2/79 [something/puff of flame (10)]
  3412 | D:4      | Slain by an orc wizard

Illustrated notes

Levels and vault maps discovered:
D:1:      dpeg_arrival_arbitrary_b, layout_loops_ring, minmay_3d_cube
D:2:      layout_rooms, shapermc_ecumenical_altar_gd
D:3:      layout_rooms, uniq_grinder
D:4:      layout_basic

Skill      XL: |  1  2  3  4  5  6 |
---------------+-------------------+-----
Dodging        | 3 |  3.8
Long Blades    | 3 4 5 |  5.3
Fighting       | 4 |  4.7
Stealth        | 1 |  1.5
Shields        | |  3.7

Action                   |  1- 3 |  4- 6 || total
-------------------------+-------+-------++-------
Melee: Long sword        |   169 |    84 ||   253
       Tailslap          |    26 |    12 ||    38
  Use: Potion            |     4 |     4 ||     8
       Scroll            |     2 |     3 ||     5
 Stab: Sleeping          |     2 |       ||     2
Armor: Skin              |    53 |    74 ||   127
Dodge: Dodged            |   108 |    66 ||   174
Block: Buckler           |    35 |    19 ||    54

Table legend: (Time is in decaauts)
 A = Elapsed time spent in this place.
 B = Non-inter-level travel time spent in this place.
 C = Inter-level travel time spent in this place.
 D = Time resting spent in this place.
 E = Time spent auto-exploring this place.
 F = Levels seen in this place.
 G = Mean time per level.
                   A        B        C        D        E       F      G
               +--------+--------+--------+--------+--------+-----+--------+
         Total |   3481 |   3481 |      0 |      0 |   2481 |   4 |  870.2 |
       Dungeon |   3481 |   3481 |      0 |      0 |   2481 |   4 |  870.2 |
               +--------+--------+--------+--------+--------+-----+--------+

Top non-repeatable levels by time:
     D:1: 1164 daAuts
     D:3: 915 daAuts
     D:2: 789 daAuts
     D:4: 611 daAuts
